 Dungeon Crawl Stone Soup version 0.24.1 (webtiles) character file.

Game seed: 16562132510817249410, levelgen mode: deterministic

269 Destapler the Magician (level 5, 0/41 HPs)
             Began as a Demigod Earth Elementalist on Mar 28, 2020.
             Slain by a sky beast (5 damage)
             ... on level 4 of the Dungeon.
             The game lasted 00:11:09 (3681 turns).

Destapler the Magician (Demigod Earth Elementalist) Turns: 3681, Time: 00:11:10

Health: 0/41       AC:  3    Str: 11    XL:     5   Next: 69%
Magic:  9/13       EV: 12    Int: 19    God:
Gold:   50         SH:  0    Dex: 18    Spells: 9/10 levels left

rFire    . . .     SeeInvis .   f - +0 whip
rCold    . . .     Gourm    .   (no shield)
rNeg     . . .     Faith    .   e - +0 leather armour
rPois    .         Spirit   .   (no helmet)
rElec    .         Reflect  .   (no cloak)
rCorr    .         Harm     .   (no gloves)
MR       .....                  (no boots)
Stlth    ++........             o - amulet of regeneration
HPRegen  0.53/turn              (no ring)
MPRegen  0.13/turn              (no ring)

@: very slightly contaminated, lightly drained
A: high mp 1
a: no special abilities


You were on level 4 of the Dungeon.
You were not hungry.

You visited 1 branch of the dungeon, and saw 4 of its levels.

You collected 50 gold pieces.

Inventory:

Hand Weapons
 f - a +0 whip (weapon)
Missiles
 b - 39 stones (quivered)
Armour
 e - a +0 leather armour (worn)
Jewellery
 o - an amulet of regeneration (around neck)
Scrolls
 a - 4 scrolls of identify
 i - a scroll of teleportation {unknown}
 l - a scroll of blinking {unknown}
 m - a scroll of amnesia {unknown}
 r - a scroll of fear {unknown}
Potions
 g - 3 potions of curing
 k - a potion of brilliance
 p - a potion of magic
 q - a potion of berserk rage
 s - a potion of agility
Comestibles
 c - 2 chunks of flesh
 d - 4 rations


   Skills:
 + Level 1.9(1.4) Fighting
 - Level 1.1(0.5) Maces & Flails
 + Level 1.0(0.5) Armour
 - Level 2.6(2.1) Dodging
 - Level 2.9(2.3) Stealth
 - Level 3.3(2.8) Spellcasting
   Level 0.8(0.3) Transmutations
 - Level 3.0(2.4) Earth Magic


You had 9 spell levels left.
You knew the following spells:

 Your Spells              Type           Power        Failure   Level  Hunger
a - Sandblast             Erth           ##....       8%          1    None

Your spell library contained the following spells:

 Spells                   Type           Power        Failure   Level  Hunger
 Passwall                 Tmut/Erth      #.......     17%         2    ##.....
 Stone Arrow              Conj/Erth      #.....       36%         3    ###....
 Petrify                  Tmut/Erth      #.......     75%         4    ####...
 Lee's Rapid Deconstruct  Erth           ##........   90%         5    ######.


Dungeon Overview and Level Annotations

Branches:
Dungeon (4/15)
 Temple: D:4-7


Innate Abilities, Weirdness & Mutations

You have an increased reservoir of magic. (+10% MP)


Message History

Casting: Sandblast (safe; 8% risk of failure)
Confirm with . or Enter, or press ? or * to list all spells.
Aiming: Sandblast (safe; 8% risk of failure)
Press: ? - help, Shift-Dir - straight line The blast of sand hits something.
b - 39 stones Something hits you.
* * * LOW HITPOINT WARNING * * *
Something shocks you.
* * * LOW HITPOINT WARNING * * *
Casting: Sandblast (safe; 8% risk of failure)
Confirm with . or Enter, or press ? or * to list all spells.
Aiming: Sandblast (safe; 8% risk of failure)
Press: ? - help, Shift-Dir - straight line You miscast Sandblast.
You are very lightly contaminated with residual magic.
Nothing appears to happen.
Something hits you.
* * * LOW HITPOINT WARNING * * *
Something shocks you.
You die...

# #.....# # ##..#.#.#
.##.....# #.##....#.#
........<# #..#.##.#.#
.....................#
....####.####.####.###
.... #.# #.# #.####
.... #.# ##.## #.#..#
... .#.###...###....#
......._.{@.....#
...###...###.#..#
##.## #.#..# #.#
#.#.... #.# #.#.####
... ..#.. ... #####
....


There were no monsters in sight!

Vanquished Creatures
  A scorpion (D:3)
  An orc wizard (D:4)
  3 gnolls (D:3)
  8 adders
  4 oozes
  3 dart slugs
  2 leopard geckos
  2 orcs
  A ball python (D:1)
  8 bats
  A giant cockroach (D:1)
  8 goblins
  11 hobgoblins
  2 jackals (D:2)
  A quokka (D:3)
  4 frilled lizards
  4 kobolds
  2 rats (D:1)
66 creatures vanquished.

Notes
Turn   | Place    | Note
-------+----------+-------------------------------------------
     0 | D:1      | Destapler the Demigod Earth Elementalist began the quest
                  | for the Orb.
     0 | D:1      | Reached XP level 1. HP: 14/14 MP: 5/5
   209 | D:1      | Reached XP level 2. HP: 20/20 MP: 4/7
  1305 | D:2      | Reached XP level 3. HP: 27/27 MP: 6/8
  1819 | D:2      | Reached skill level 1 in Fighting
  2594 | D:3      | Reached XP level 4. HP: 27/35 MP: 6/10
  2829 | D:3      | Reached skill level 1 in Maces & Flails
  3172 | D:3      | Reached XP level 5. HP: 40/40 MP: 12/12
  3456 | D:3      | HP: 2/40 [scorpion (7)]
  3464 | D:3      | HP: 2/40 [scorpion (4)]
  3619 | D:4      | Reached skill level 1 in Armour
  3659 | D:4      | Found a shimmering altar of Xom.
  3665 | D:4      | Noticed a sky beast
  3681 | D:4      | Slain by a sky beast

Levels and vault maps discovered:
D:1:      dpeg_arrival_stonehenge_8_columns, layout_basic, minmay_hexomino_p4
D:2:      layout_basic, first_ration
D:3:      layout_basic, minmay_goblin_outpost
D:4:      layout_basic, nicolae_overflow_crystal_walls,
          lemuel_temple_firewalk_b, serial_shops, shop,
          ebering_ghost_disaster_area, minmay_increasing_density

Skill      XL: |  1  2  3  4  5 |
---------------+----------------+-----
Stealth        | 2 |  2.9
Dodging        | 2 |  2.6
Spellcasting   | 2 3 |  3.3
Earth Magic    | 3 |  3.0
Fighting       | 1 |  1.9
Maces & Flails | 1 |  1.1
Armour         | 1 |  1.0
Transmutations | |  0.8

Action                   |  1- 3 |  4- 6 || total
-------------------------+-------+-------++-------
Melee: Unarmed           |    30 |       ||    30
       Club              |    14 |       ||    14
       Whip              |    65 |    97 ||   162
 Cast: Sandblast         |    25 |    45 ||    70
  Use: Scroll            |       |     6 ||     6
       Potion            |       |     2 ||     2
 Stab: Sleeping          |     6 |     1 ||     7
  Eat: Chunk             |     5 |     4 ||     9
Armor: Robe              |     4 |       ||     4
       Leather armour    |    23 |    21 ||    44
Dodge: Dodged            |    81 |    96 ||   177
